 Dungeon Crawl Stone Soup version 0.32-a0-938-g40ac7a0f4d (webtiles) character file.

Game seed: 5338425393696833203

3 Gadrel the Covered (level 1, -3/18 HPs)
             Began as an Armataur Fighter on Apr 15, 2024.
             Succumbed to a kobold's poison
             ... on level 1 of the Dungeon.
             The game lasted 00:00:21 (78 turns).

Gadrel the Covered (Armataur Fighter)                 Turns: 78, Time: 00:00:22

Health: -3/18      AC:  7    Str: 21    XL:     1   Next: 41%
Magic:  1/1        EV:  6    Int:  8    God:
Gold:   0          SH:  4    Dex:  9    Spells: 0/0 levels left

rFire   . . .        a - +0 flail
rCold   . . .        c - +0 buckler
rNeg    . . .        b - +0 scale mail
rPois   .            (no helmet)
rElec   .            (no cloak)
rCorr   .            (no gloves)
SInv    .            (no barding)
Will    .....        (no amulet) Stlth
                     (no ring)
HPRegen 0.23/turn    (no ring)
MPRegen 0.07/turn

%: roll
@: lethally poisoned (-3 -> -19)
A: large, deformed body, tough skin 3, armoured tail, rollpage 1
a: no special abilities


You were on level 1 of the Dungeon.
You visited 1 branch of the dungeon, and saw 1 of its levels.

Inventory:

Hand Weapons
 a - a +0 flail (weapon)
Armour
 b - a +0 scale mail (worn)
 c - a +0 buckler (worn)
Potions
 M - a potion of might


   Skills:
 + Level 2.7 Fighting
 + Level 1.8 Maces & Flails
 + Level 3.7 Armour
 + Level 3.3 Shields


You couldn't memorise any spells.
You didn't know any spells.
Your spell library was empty.

Dungeon Overview and Level Annotations

Branches:
Dungeon (1/15)

Altars:


Innate Abilities, Weirdness & Mutations

Armour fits poorly on your strangely shaped body.
You have extremely tough skin. (AC +3)
You have a long armoured tail.
You regenerate magic when rolling toward enemies. (Rampage MPRegen)


Message History

Bad channel name 'Jiyva says' for runrest: 'Jiyva says: Divide and consume' Welcome, Gadrel the Armataur Fighter.
They say the Orb of Zot lies within this dungeon, but they say a lot of things.
Found a staircase leading out of the dungeon.
You see here a +0 spear.
A bat and a frilled lizard come into view.
The frilled lizard hisses angrily.
You block the bat's attack.
You roll towards the bat!
You sock the bat!
You kill the bat!
You roll towards the frilled lizard!
The frilled lizard bites you but does no damage.
You barely miss the frilled lizard.
The frilled lizard bites you but does no damage.
You barely miss the frilled lizard.
The frilled lizard bites you but does no damage.
The frilled lizard barely misses you.
You barely miss the frilled lizard. The frilled lizard barely misses you.
You miss the frilled lizard. The frilled lizard bites you.
You take 2 damage, and have 16/18 hp.
You barely miss the frilled lizard.
Your tail-slap misses the frilled lizard.
You block the frilled lizard's attack.
The frilled lizard bites you but does no damage.
You closely miss the frilled lizard.
The frilled lizard bites you but does no damage.
You hit the frilled lizard.
You kill the frilled lizard!
No target in view!
A bat and a ball python come into view.
The ball python hisses angrily.
Health restored: 18 The bat closely misses you.
The bat hits you but does no damage.
You roll towards the ball python!
You hit the ball python. You block the bat's attack.
The ball python bites you but does no damage.
You sock the ball python!
You kill the ball python!
The bat hits you but does no damage.
You roll towards the bat!
You closely miss the bat. The bat hits you but does no damage. x2
You miss the bat. The bat hits you but does no damage.
You block the bat's attack. The bat barely misses you.
You closely miss the bat. The bat hits you but does no damage.
The bat closely misses you. The bat hits you but does no damage.
You closely miss the bat. You block the bat's attack.
You hit the bat.
Your tail-slap misses the bat.
The bat hits you. The bat closely misses you.
You take 1 damage, and have 17/18 hp.
You closely miss the bat. You block the bat's attack.
Health restored: 18 You sock the bat!
You kill the bat!
No target in view!
You open the door.
There is an open door here.
You open the door.
A kobold comes into view. It is wielding a +0 dagger of venom.
The kobold shouts!
You hear a shout! x2
A hobgoblin comes into view.
The hobgoblin shouts!
You hear a shout!
A kobold comes into view. It is wielding a +0 short sword.
There is an open door here.
You roll towards the kobold!
You closely miss the kobold.
The kobold hits you with a +0 dagger of venom.
You are poisoned.
The kobold hits you but does no damage.
You take 3 damage, and have 15/18 hp.
You hit the kobold.
You feel very sick.
The kobold hits you with a +0 dagger of venom.
You are lethally poisoned!
You take 6 damage, and have 9/18 hp.
MASSIVE DAMAGE!!
You feel very sick.
The hobgoblin hits you but does no damage.
The kobold attacks as it pursues you! The kobold hits you but does no damage.
You are more poisoned.
There is an open door here.
You take 3 damage, and have 6/18 hp.
Unknown command.
Unknown command.
* * * LOW HITPOINT WARNING * * *
You feel very sick.
You take 4 damage, and have 2/18 hp.
MASSIVE DAMAGE!!
Okay, then.
You closely miss the hobgoblin. You tail-slap the hobgoblin.
You die...

###...... #........
#........ #........
#........ #
#######........ #.####
#..............
#+##....####........######
.......Kg@.'...........# #
........####........##.# #
......K.# #........##.# #
........# #........##.# #
........# #........##.###
........# ###########....
....$...# ##### .........


PPP PP♣. You could see a hobgoblin and 2 kobolds.

Vanquished Creatures
  A ball python (D:1)
  2 bats (D:1)
  A frilled lizard (D:1)
4 creatures vanquished.

Notes
Turn   | Place    | Note
-------+----------+-------------------------------------------
     0 | D:1      | Gadrel the Armataur Fighter began the quest for the Orb.
     0 | D:1      | Reached XP level 1. HP: 18/18 MP: 1/1
    77 | D:1      | HP: 2/18 [poisoned by a kobold]
    78 | D:1      | Succumbed to a kobold's poison

Illustrated notes

Levels and vault maps discovered:
D:1:      minmay_arrival_arboretum_small, layout_basic, st_stairs_2

Action                     || total
---------------------------++-------
  Melee: Flail             ||    20
         Tailslap          ||     1
 Armour: Scale mail        ||    20
  Dodge: Dodged            ||     6
  Block: Buckler           ||     6

Table legend: (Time is in decaauts)
 A = Elapsed time spent in this place.
 B = Non-inter-level travel time spent in this place.
 C = Inter-level travel time spent in this place.
 D = Time resting spent in this place.
 E = Time spent auto-exploring this place.
 F = Levels seen in this place.
 G = Mean time per level.
                   A        B        C        D        E       F      G
               +--------+--------+--------+--------+--------+-----+--------+
         Total |     84 |     84 |      0 |      0 |     48 |   1 |   84.0 |
       Dungeon |     84 |     84 |      0 |      0 |     48 |   1 |   84.0 |
               +--------+--------+--------+--------+--------+-----+--------+

Top non-repeatable levels by time:
     D:1: 84 daAuts

Levels and vault maps discovered:
D:1:      minmay_arrival_arboretum_small, layout_basic, st_stairs_2

Table legend: (Time is in decaauts)
 A = Elapsed time spent in this place.
 B = Non-inter-level travel time spent in this place.
 C = Inter-level travel time spent in this place.
 D = Time resting spent in this place.
 E = Time spent auto-exploring this place.
 F = Levels seen in this place.
 G = Mean time per level.
                   A        B        C        D        E       F      G
               +--------+--------+--------+--------+--------+-----+--------+
         Total |     84 |     84 |      0 |      0 |     48 |   1 |   84.0 |
       Dungeon |     84 |     84 |      0 |      0 |     48 |   1 |   84.0 |
               +--------+--------+--------+--------+--------+-----+--------+

Top non-repeatable levels by time:
     D:1: 84 daAuts

Table legend:
 A = Kills in this place as a percentage of kills in the entire game.
 B = Kills by you in this place as a percentage of kills by you in the entire game.
 C = Kills by friends in this place as a percentage of kills by friends in the entire game.
 D = Other kills in this place as a percentage of other kills in the entire game.
 E = Experience gained in this place as a percentage of experience gained in the entire game.
 F = Experience gained in this place divided by the number of levels of this place that you have seen.
                   A       B       C       D       E      F
               +-------+-------+-------+-------+-------+----------------------
         Total | 100.0 | 100.0 |   N/A |   N/A | 100.0 |   5.0
       Dungeon | 100.0 | 100.0 |   N/A |   N/A | 100.0 |   5.0
               +-------+-------+-------+-------+-------+----------------------
